 Dungeon Crawl Stone Soup version 0.27-a0-1196-g3e9cee4cb2 (webtiles) character file.

Game seed: 13375129170508673560

25 lightspider the Shooter (level 2, -3/16 HPs)
             Began as a Deep Elf Hunter on May 27, 2021.
             Slain by a hobgoblin zombie (4 damage)
             ... in an ossuary.
             The game lasted 00:05:08 (692 turns).

lightspider the Shooter (Deep Elf Hunter)            Turns: 692, Time: 00:05:09

Health: -3/16      AC:  3    Str:  9    XL:     2   Next: 86%
Magic:  4/4        EV: 12    Int: 15    God:
Gold:   45         SH:  0    Dex: 15    Spells: 1/1 levels left

rFire    . . .     SeeInvis .   e - +1 dagger (venom)
rCold    . . .     Faith    .   (no shield)
rNeg     . . .     Spirit   .   c - +0 leather armour
rPois    .         Reflect  .   (no helmet)
rElec    .         Harm     .   (no cloak)
rCorr    .         Rampage  .   (no gloves)
Will     .....                  (no boots)
Stlth    ++........             (no amulet)
HPRegen  0.05/turn              (no ring)
MPRegen  0.09/turn              (no ring)

@: no status effects
A: no striking features
a: no special abilities


You were in an ossuary.
You visited 1 branch of the dungeon, and saw 3 of its levels.
You also visited: Ossuary.

You collected 45 gold pieces.

Inventory:

Hand Weapons
 a - a +1 shortbow
 b - a +0 short sword
 e - a +1 dagger of venom (weapon)
Missiles
 d - 29 arrows
Armour
 c - a +0 leather armour (worn)
Potions
 g - a potion of brilliance


   Skills:
 + Level 1.6 Fighting
 + Level 6.3 Bows
 + Level 0.1 Armour
 + Level 2.7 Dodging
 + Level 1.2 Stealth


You had one spell level left.
You didn't know any spells.
Your spell library was empty.

Dungeon Overview and Level Annotations

Branches:
Dungeon (4/15)            Ossuary (1/1)
 Temple: D:4-7

Altars:


Message History

The adder zombie is lightly damaged.
The adder zombie barely misses you. The hobgoblin zombie misses you.
The quokka zombie bites you but does no damage.
You hit the adder zombie.
The adder zombie is moderately damaged.
The adder zombie misses you.
The kobold zombie hits you but does no damage.
The rat zombie bites you but does no damage.
The hobgoblin zombie closely misses you.
The adder zombie barely misses you. The hobgoblin zombie barely misses you.
The adder zombie closely misses you. The adder zombie barely misses you.
The hobgoblin zombie misses you. The adder zombie bites you.
The adder zombie bites you but does no damage.
The adder zombie closely misses you.
You open the door.
Found a gate leading back out of this place.
There is an open door here.
Really walk into that dart trap?
A poisoned dart shoots out and hits you!
There is a dart trap here.
A poisoned dart misses the adder zombie!
The adder zombie closely misses you.
There is a gate leading back out of this place here.
You hit the adder zombie.
The adder zombie is lightly damaged.
An arrow hits the hobgoblin zombie!
The adder zombie bites you.
You hit the hobgoblin zombie.
The hobgoblin zombie is severely damaged.
The hobgoblin zombie hits you. The adder zombie closely misses you.
A poisoned dart hits the quokka zombie, but does no damage!
You hit the hobgoblin zombie.
The hobgoblin zombie is almost destroyed.
The adder zombie barely misses you. The quokka zombie bites you.
* * * LOW HITPOINT WARNING * * *
The hobgoblin zombie hits you.
* * * LOW HITPOINT WARNING * * *
The adder zombie closely misses you. The quokka zombie barely misses you.
The hobgoblin zombie hits you.
You die...

### ### ###
##+####.###.###.###
#^^Z#.M...........#
#^@ZZZMM...M......'
#^^Z#Z............#
#######.###.###.###
### ### ###


You could see 3 mummies, 2 adder zombies, a rat zombie, a quokka zombie, a
hobgoblin zombie and a kobold zombie.

Vanquished Creatures
  An ufetubus (D:4)
  A dart slug (D:1)
  A ball python (D:1)
  2 endoplasms
  A giant cockroach (D:1)
  2 goblins
  A hobgoblin (D:1)
  6 kobolds
  A quokka (D:1)
  A frilled lizard (D:1)
  A rat (D:1)
18 creatures vanquished.

Notes
Turn   | Place    | Note
-------+----------+-------------------------------------------
     0 | D:1      | lightspider the Deep Elf Hunter began the quest for the
                  | Orb.
     0 | D:1      | Reached XP level 1. HP: 12/12 MP: 3/3
   194 | D:1      | Reached XP level 2. HP: 16/16 MP: 4/4
   303 | D:1      | Reached skill level 6 in Bows
   591 | D:2      | You fall into a shaft and drop 2 floors!
   649 | D:4      | Found a sand-covered staircase.
   654 | Ossuary  | Entered an ossuary
   692 | Ossuary  | Slain by a hobgoblin zombie

Illustrated notes

Levels and vault maps discovered:
D:1:      minmay_arrival_up_and_down, layout_rooms
D:2:      layout_loops_ring, minmay_bisected
D:4:      layout_cave_pools, enter_ossuary_2, gammafunk_ghost_necromancy
Ossuary:  ossuary_minmay_chase

Skill      XL: |  1  2 |
---------------+-------+-----
Bows           | 6 |  6.3
Fighting       | |  1.6
Armour         | |  0.1
Dodging        | |  2.7
Stealth        | |  1.2

Action                   || total
-------------------------++-------
Melee: Dagger            ||    18
 Fire: Shortbow          ||    38
  Use: Scroll            ||     1
       Potion            ||     1
Armor: Leather armour    ||    10
Dodge: Dodged            ||    42

Table legend: (Time is in decaauts)
 A = Elapsed time spent in this place.
 B = Non-inter-level travel time spent in this place.
 C = Inter-level travel time spent in this place.
 D = Time resting spent in this place.
 E = Time spent auto-exploring this place.
 F = Levels seen in this place.
 G = Mean time per level.
                   A        B        C        D        E       F      G
               +--------+--------+--------+--------+--------+-----+--------+
         Total |    690 |    646 |     44 |     18 |    313 |   4 |  172.5 |
       Dungeon |    652 |    608 |     44 |     18 |    313 |   3 |  217.3 |
       Ossuary |     37 |     37 |      0 |      0 |      0 |   1 |   37.0 |
               +--------+--------+--------+--------+--------+-----+--------+

Top non-repeatable levels by time:
     D:1: 572 daAuts
     D:4: 61 daAuts
 Ossuary: 37 daAuts
     D:2: 18 daAuts
